 Dungeon Crawl Stone Soup version 0.29-a0-690-g32ab5fea29 (webtiles) character file.

Game seed: 7557177500820333319

34785 Conn the Thaumaturge (level 13, 0/109 HPs)
             Began as an Octopode Fire Elementalist on June 25, 2022.
             Was an Elder of Sif Muna.
             Slain by a basilisk (8 damage)
             ... on level 3 of the Lair of Beasts.
             The game lasted 01:25:32 (20910 turns).

Conn the Thaumaturge (Octopode Fire Elementalist)  Turns: 20910, Time: 01:25:33

Health: 0/109      AC: 26    Str: 16    XL:     13   Next: 79%
Magic:  7/38       EV:  2    Int: 26    God:    Sif Muna [****..]
Gold:   949        SH:  5    Dex: 22    Spells: 2/36 levels left

rFire   . . .      SeeInvis +   N - +5 dagger of the Past {elec, *Slow Str+4 Dex+2}
rCold   . . .      Faith    .   h - orb {*channel}
rNeg    . . .      Spirit   .   (helmet currently unavailable)
rPois   +          Reflect  +   g - amulet of reflection
rElec   .          Harm     .   j - ring of resist corrosion
rCorr   +          Rampage  .   q - +6 ring of intelligence
Will    .....      Rage     1%  z - +6 ring of strength
Stlth   ++++...... NoTele   +   B - ring of magical power
HPRegen 0.28/turn               L - ring of see invisible
MPRegen 0.26/turn               (no ring)
                                (no ring)
                                (no ring)

@: tree-form, channelling
A: stationary, stasis, torment immunity, boosted hp, almost no armour,
(amphibious), 8 rings, (camouflage 1), (gelatinous body 1), (nimble swimmer 1),
(tentacles), agile 2, berserk 1, (fire resistance 1)
a: Renounce Religion, Channel Magic, Forget Spell, Divine Exegesis


You were on level 3 of the Lair of Beasts.
You worshipped Sif Muna.
Sif Muna was greatly pleased with you.
You were a tree.
You visited 4 branches of the dungeon, and saw 17 of its levels.
You also visited: Bailey.

You collected 1190 gold pieces.
You spent 241 gold pieces at shops.

Inventory:

Hand Weapons
 a - the +8 whip "Snakebite" {venom, curare, rPois}
   (You found it on level 2 of the Lair of Beasts)

   It poisons the flesh of those it strikes.
   It occasionally inflicts asphyxiating poison on those it strikes, dealing
   poison damage and causing slowness.
   rPois:     It protects you from poison.
 F - a +4 rapier of protection
 N - the +5 dagger of the Past (weapon) {elec, *Slow Str+4 Dex+2}
   (You found it on level 8 of the Dungeon)

   It occasionally discharges a powerful burst of electricity upon striking a
   foe.
   Str:       It affects your strength (+4).
   Dex:       It affects your dexterity (+2).
   *Slow:     It may slow you when you take damage.
 O - the +8 trishula "Condemnation" {holy, anguish, *Noise Fly rN+}
   (You found it on level 8 of the Dungeon)

   It has been blessed by the Shining One to cause great damage to the undead
   and demons.
   It inflicts anguish, making its victims' attacks reflect back on them.
   rN:        It protects you from negative energy.
   Fly:       It grants you flight.
   *Noise:    It may make noises in combat.
Missiles
 l - 25 poisoned darts (quivered)
 m - 2 throwing nets
Armour
 e - an orb of mayhem
 h - an orb of energy (worn)
 y - a +0 kite shield
 G - a +1 hat (melded)
Jewellery
 g - an amulet of reflection (around neck)
 j - a ring of resist corrosion (left branch)
 q - a +6 ring of intelligence (right branch)
 z - a +6 ring of strength (on tentacle)
 B - a ring of magical power (on tentacle)
 L - a ring of see invisible (on tentacle)
 Q - an amulet of magic regeneration
Wands
 t - a wand of paralysis (11)
 v - a wand of flame (6)
 H - a wand of mindburst (19)
Scrolls
 f - 5 scrolls of immolation
 p - 2 scrolls of amnesia
 x - 3 scrolls of fog
 A - 3 scrolls of blinking
 C - 2 scrolls of poison
 D - 5 scrolls of magic mapping
 E - 8 scrolls of teleportation
 J - a scroll of summoning
 S - a scroll of fear
 T - a scroll of brand weapon
Potions
 c - 3 potions of attraction
 d - a potion of haste
 i - 4 potions of curing
 k - a potion of brilliance
 n - 3 potions of mutation
 o - 5 potions of might
 r - 2 potions of resistance
 s - 2 potions of ambrosia
 u - 2 potions of heal wounds
 I - a potion of degeneration
 K - a potion of lignification
 M - a potion of berserk rage
 P - 2 potions of cancellation
 R - 2 potions of invisibility {unknown}
Miscellaneous
 b - a tin of tremorstones (2/2)


   Skills:
 + Level 1.5 Fighting
 + Level 2.5 Short Blades
 + Level 2.2 Polearms
 + Level 0.1 Throwing
 + Level 3.8 Dodging
 + Level 7.0 Stealth
 + Level 1.3 Shields
 + Level 12.1 Spellcasting
 * Level 9.8 Conjurations
 + Level 3.7 Hexes
 * Level 2.2 Summonings
 + Level 4.9 Translocations
 + Level 11.4 Fire Magic
 + Level 5.2 Ice Magic
 * Level 6.8 Invocations
 + Level 0.6 Evocations


You had 2 spell levels left.
You knew the following spells:

 Your Spells              Type           Power      Damage    Failure   Level
a - Foxfire               Conj/Fire      100%       2x1d9     1%          1
b - Conjure Flame         Conj/Fire      63%        6-21      1%          3
c - Inner Flame           Hex/Fire       53%        N/A       1%          3
d - Flame Wave            Conj/Fire      63%        2d12      1%          4
e - Scorch                Fire           100%       2d10      1%          2
f - Iskenderun's Mystic   Conj/Tloc      53%        2d11      1%          4
g - Hailstorm             Conj/Ice       53%        3d12      1%          4
h - Starburst             Conj/Fire      31%        6d10      7%          6
i - Teleport Other        Tloc           41%        N/A       1%          3
j - Summon Ice Beast      Ice/Summ       35%        N/A       8%          4

Your spell library contained the following spells:

 Spells                   Type           Power      Damage    Failure   Level
 Freeze                   Ice            100%       1d11      1%          1
 Searing Ray              Conj           100%       2d8       1%          2
 Dazzling Flash           Conj/Hex       100%       N/A       1%          3
 Frozen Ramparts          Ice            86%        1d10      1%          3
 Gell's Gravitas          Tloc           41%        N/A       1%          3
 Lesser Beckoning         Tloc           41%        N/A       1%          3
 Portal Projectile        Hex/Tloc       76%        N/A       1%          3
 Call Canine Familiar     Summ           27%        N/A       4%          3
 Ice Form                 Ice/Tmut       29%        N/A       12%         4
 Leda's Liquefaction      Hex/Erth       12%        N/A       17%         4
 Summon Forest            Summ/Tloc      17%        N/A       24%         5
 Summon Mana Viper        Hex/Summ       31%        N/A       30%         5
 Animate Dead             Necr           15%        N/A       36%         4
 Borgnjor's Vile Clutch   Necr/Erth      7%         N/A       71%         5
 Summon Cactus Giant      Summ           13%        N/A       92%         6
 Ozocubu's Refrigeration  Ice            21%        4d9       98%         7
 Death Channel            Necr           7%         N/A       99%         6
 Lehudib's Crystal Spear  Conj/Erth      20%        10d6      100%        8
 Fire Storm               Conj/Fire      31%        8d8       100%        9


Dungeon Overview and Level Annotations

Branches:
Dungeon (12/15)            Temple (1/1) D:4            Lair (3/6) D:9
    Orc (1/2) D:12         Bailey (visited)
  Swamp: Lair:2-4    Shoals: Lair:2-4     Snake: Lair:2-4    Spider: Lair:2-4

Altars:
Ashenzari
Cheibriados
Dithmenos
Fedhas
Gozag
Kikubaaqudgha
Makhleb
Qazlal
Ru
Sif Muna
Trog
Uskayaw
Wu Jian
Xom

Shops:
D:4 [   D:12 *   Orc:1 *

Annotations:
D:9 3 runed translucent doors, Sat's ghost, novice GrHu
D:12 2 runed translucent doors, exclusion: obsidian statue


Innate Abilities, Weirdness & Mutations

You are a tree.
Your roots penetrate the ground, keeping you stationary.
You cannot be teleported.
You are immune to unholy pain and torment.
Your maximum health is greatly increased.
You cannot wear most types of armour.
((You are amphibious.))
You can wear up to eight rings at the same time.
((Your skin changes colour to match your surroundings (Stealth+).))
((Your rubbery body absorbs attacks. (AC +1, EV +1)))
((You are camouflaged when in or above water. (Stealth+)))
((You have tentacles for arms and can constrict up to eight enemies at once.))
You are very agile. (Dex +8, Int/Str-2)
You tend to lose your temper in combat.
((Your flesh is heat resistant. (rF+)))


Message History

Okay, then.
The bullfrog hits you but does no damage.
The komodo dragon bites you.
* * * LOW HITPOINT WARNING * * *
The komodo dragon bites you but does no damage.
The bullfrog hits you but does no damage.
The basilisk gazes at you.
You easily resist.
Casting: Flame Wave (mildly dangerous; 1% risk of failure)
Confirm with . or Enter, or press ? or * to list all spells.
Casting: Flame Wave (mildly dangerous; 1% risk of failure)
Press: ? - help, Dir - look around, f - activate A wave of flame ripples out!
The flame wave engulfs the bullfrog.
The bullfrog is severely wounded.
The flame wave engulfs the komodo dragon!!
You kill the komodo dragon!
Sif Muna accepts your kill.
The flame wave engulfs the komodo dragon.
The komodo dragon is severely wounded.
The flame wave engulfs the basilisk!
The basilisk is heavily wounded. (Press . to intensify the flame waves.)
The bullfrog hits you but does no damage.
The komodo dragon bites you.
* * * LOW HITPOINT WARNING * * *
The basilisk bites you.
* * * LOW HITPOINT WARNING * * *
Unknown command.
A wave of flame ripples out!
The flame wave engulfs the bullfrog!!
You kill the bullfrog!
Sif Muna accepts your kill.
The flame wave engulfs the komodo dragon!
The komodo dragon is almost dead.
The flame wave engulfs the basilisk!
The basilisk is almost dead.
The komodo dragon bites you.
* * * LOW HITPOINT WARNING * * *
The basilisk hisses menacingly.
The basilisk bites you!
You die...

(P(/. ...... (.(..
..... ....# .... #
.... # ...#.#. #
##.. .#.#.....
#..#...####.#......
#...>.†ll#...$.....
#.....†♣†††<.....#
....###.##......##
.. #...#.§###.#
#....#.D# ..
#....##... . ######
.... ..... .....


You could see a komodo dragon and a basilisk.

Vanquished Creatures
  Nessos (D:12)
  A boulder beetle (D:11)
  A hydra (Lair:1)
  2 two-headed ogres
  Erica (Lair:1)
  Pikel (D:7)
  4 oklob plants (Lair:1)
  4 cyclopes
  A manticore (D:12)
  An orc sorcerer (Orc:1)
  2 black mambas (Lair:2)
  11 elephants
  2 gargoyles
  Maggie (D:6)
  10 cane toads
  3 unseen horrors
  A kobold demonologist (D:9)
  11 komodo dragons
  5 trolls
  A polar bear (Lair:2)
  4 blink frogs (Lair:3)
  A hornet (D:11)
  3 slime creatures (D:11)
  A shadow (D:11)
  A vampire (Bailey)
  Eustachio (D:6)
  3 wyverns
  A wraith (D:12)
  11 yaks (Lair:2)
  2 basilisks (Lair:3)
  5 steam dragons
  4 acid dragons
  Menkaure (D:6)
  16 water moccasins
  Duvessa (D:7)
  8 orc warriors
  2 black bears
  An ice beast (D:6)
  2 sky beasts
  6 wolves (Lair:2)
  2 centaurs
  An ogre (D:5)
  A lemure (D:7)
  A phantom (D:7)
  A kobold brigand (D:9)
  6 bullfrogs
  4 necrophages
  A gnoll sergeant (D:8)
  2 scorpions
  13 wights
  Dowan (D:7)
  16 killer bees
  6 howler monkeys
  5 vampire bats (Bailey)
  4 wolf zombies (Bailey)
  An electric eel (Lair:1)
  4 hounds
  7 orc priests
  3 gnoll shamans
  3 jellies
  Terence (D:3)
  Jessica (D:2)
  2 iguanas
  17 orc wizards
  Robin (D:2)
  13 adders
  21 gnolls
  A shadow imp (D:7)
  A white imp (D:6)
  2 ufetubi
  41 orcs
  7 ball pythons
  3 bats
  4 endoplasms
  3 giant cockroaches
  12 goblins
  8 hobgoblins
  9 kobolds
  2 quokkas
  2 frilled lizards
  25 orc zombies (Bailey)
  2 rats
398 creatures vanquished.

Vanquished Creatures (collateral kills)
  48 foxfires
48 creatures vanquished.

Vanquished Creatures (others)
  1078 foxfires
  9 fungi
  32 plants
1119 creatures vanquished.

Grand Total: 1565 creatures vanquished

Notes
Turn   | Place    | Note
-------+----------+-------------------------------------------
     0 | D:1      | Conn the Octopode Fire Elementalist began the quest for the
                  | Orb.
     0 | D:1      | Reached XP level 1. HP: 11/11 MP: 3/3
   228 | D:1      | Reached XP level 2. HP: 17/17 MP: 0/5
   371 | D:1      | Learned a level 2 spell: Scorch
   761 | D:1      | Found a faded altar of an unknown god.
   772 | D:1      | Got Plato's Handbook of the Volcanoes
  1357 | D:2      | Reached XP level 3. HP: 13/21 MP: 1/6
  1750 | D:2      | Noticed Jessica
  1758 | D:2      | Killed Jessica
  1759 | D:2      | Reached XP level 4. HP: 27/27 MP: 3/7
  1901 | D:2      | Learned a level 3 spell: Conjure Flame
  1955 | D:2      | Noticed Robin
  1962 | D:2      | Killed Robin
  2125 | D:2      | Reached XP level 5. HP: 23/31 MP: 8/8
  2125 | D:2      | Found a hide-covered altar of Uskayaw.
  2734 | D:3      | Noticed Terence
  2768 | D:3      | Killed Terence
  3482 | D:3      | Reached skill level 3 in Spellcasting
  4076 | D:3      | Learned a level 3 spell: Inner Flame
  4101 | D:4      | Reached XP level 6. HP: 36/36 MP: 6/11
  4239 | D:4      | Found a blossoming altar of Fedhas.
  4426 | D:4      | Found Ycutorgh's Antique Armour Emporium.
  4578 | D:4      | Reached skill level 5 in Fire Magic
  5111 | D:4      | Found a staircase to the Ecumenical Temple.
  5166 | D:5      | Entered Level 5 of the Dungeon
  5278 | D:5      | Noticed a black bear
  5285 | D:5      | Reached skill level 4 in Spellcasting
  5285 | D:5      | Reached XP level 7. HP: 26/41 MP: 13/13
  5286 | D:5      | Reached skill level 1 in Polearms
  5788 | D:5      | Found a shadowy altar of Dithmenos.
  6036 | D:5      | Reached skill level 5 in Stealth
  6036 | D:5      | Reached XP level 8. HP: 47/47 MP: 15/15
  6599 | D:6      | Noticed Eustachio
  6605 | D:6      | Killed Eustachio
  6606 | D:6      | Reached skill level 1 in Fighting
  6606 | D:6      | Reached skill level 5 in Spellcasting
  6898 | D:6      | Found a shimmering altar of Xom.
  6898 | D:6      | Found a shimmering altar of Xom.
  6906 | D:6      | Found a shimmering altar of Xom.
  6961 | D:6      | Reached skill level 6 in Spellcasting
  7142 | D:6      | Found a shimmering altar of Xom.
  7143 | D:6      | Found a shimmering altar of Xom.
  7144 | D:6      | Found a shimmering altar of Xom.
  7144 | D:6      | Found a shimmering altar of Xom.
  7237 | D:6      | Noticed Maggie
  7246 | D:6      | Killed Maggie
  7247 | D:6      | Reached skill level 5 in Conjurations
  7247 | D:6      | Reached XP level 9. HP: 53/53 MP: 15/19
  7529 | D:6      | Noticed Menkaure
  7533 | D:6      | Reached skill level 7 in Spellcasting
  7535 | D:6      | Killed Menkaure
  7806 | D:6      | Learned a level 4 spell: Flame Wave
  7811 | D:6      | Learned a level 4 spell: Iskenderun's Mystic Blast
  7857 | Temple   | Entered the Ecumenical Temple
  7907 | Temple   | Became a worshipper of Sif Muna the Loreminder
  8004 | D:7      | Noticed a two-headed ogre
  8012 | D:7      | Killed a two-headed ogre
  8013 | D:7      | Reached skill level 1 in Short Blades
  8111 | D:7      | Noticed Duvessa
  8111 | D:7      | Noticed Dowan
  8126 | D:7      | Killed Duvessa
  8132 | D:7      | Killed Dowan
  8133 | D:7      | Reached XP level 10. HP: 34/58 MP: 0/21
  8142 | D:7      | Noticed Pikel
  8328 | D:7      | Killed Pikel
  8329 | D:7      | Reached skill level 8 in Spellcasting
  8329 | D:7      | Reached skill level 1 in Hexes
  8509 | D:7      | Found a broken altar of Ashenzari.
  8628 | D:7      | Reached * piety under Sif Muna
  8898 | D:7      | Learned a level 4 spell: Hailstorm
  9134 | D:7      | Gained mutation: You are agile. (Dex +4, Int/Str-1) [potion
                  | of mutation]
  9134 | D:7      | Gained mutation: Your flesh is heat resistant. (rF+)
                  | [potion of mutation]
  9134 | D:7      | Gained mutation: You tend to lose your temper in combat.
                  | [potion of mutation]
  9134 | D:7      | Gained mutation: You are very agile. (Dex +8, Int/Str-2)
                  | [potion of mutation]
  9238 | D:4      | Bought a runed hat for 182 gold pieces
  9446 | D:8      | Found a bloodstained altar of Trog.
  9453 | D:8      | Identified the +5 dagger of the Past {elec, *Slow Str+4
                  | Dex+2}
  9666 | D:8      | Found a flagged portal.
  9666 | D:8      | Found the +8 trishula "Condemnation" {holy, anguish, *Noise
                  | Fly rN+}
  9682 | Bailey   | Entered a bailey
 10296 | Bailey   | Reached ** piety under Sif Muna
 10299 | Bailey   | Noticed a gargoyle
 10304 | Bailey   | Killed a gargoyle
 10305 | Bailey   | Reached skill level 9 in Spellcasting
 11336 | D:9      | Noticed a kobold demonologist
 11347 | D:9      | Killed a kobold demonologist
 11348 | D:9      | Reached XP level 11. HP: 63/63 MP: 8/24
 11402 | D:9      | Reached *** piety under Sif Muna
 11569 | D:9      | Noticed a cyclops
 11576 | D:9      | Killed a cyclops
 12250 | D:9      | Found a runed translucent gate.
 12252 | D:9      | Found a runed translucent gate.
 12252 | D:9      | Found a runed translucent gate.
 12253 | D:9      | Noticed a nine-headed hydra
 12254 | D:9      | Noticed Sat's ghost (novice GrHu)
 12255 | D:9      | Noticed an 11-headed hydra
 12269 | D:9      | Learned a level 6 spell: Starburst
 12435 | D:9      | Found a staircase to the Lair.
 12604 | D:10     | Entered Level 10 of the Dungeon
 13582 | D:11     | Noticed a boulder beetle
 13966 | D:11     | Reached skill level 1 in Invocations
 14017 | D:11     | Noticed a two-headed ogre
 14028 | D:11     | Killed a two-headed ogre
 14029 | D:11     | Reached skill level 1 in Translocations
 14029 | D:11     | Reached skill level 10 in Fire Magic
 14036 | D:11     | Reached skill level 10 in Spellcasting
 14036 | D:11     | Reached skill level 1 in Ice Magic
 14394 | D:11     | Noticed a cyclops
 14411 | D:11     | Killed a cyclops
 14877 | D:12     | Noticed a cyclops
 14888 | D:12     | Killed a cyclops
 14898 | D:12     | Noticed a cyclops
 14907 | D:12     | Killed a cyclops
 14907 | D:12     | Reached **** piety under Sif Muna
 14908 | D:12     | Reached XP level 12. HP: 5/69 MP: 4/26
 15482 | D:12     | Found a staircase to the Orcish Mines.
 15533 | D:12     | Found a runed translucent door.
 15541 | D:12     | Learned a level 3 spell: Teleport Other
 15551 | D:12     | Found a runed translucent door.
 15596 | D:12     | Found a runed translucent door.
 15608 | D:12     | Found a runed translucent door.
 15684 | D:12     | Noticed Nessos
 15737 | D:12     | Killed Nessos
 16337 | Orc:1    | Entered Level 1 of the Orcish Mines
 16337 | Orc:1    | Found Koxusesm's Assorted Antiques.
 16339 | Orc:1    | Bought a scroll of fear for 59 gold pieces
 16357 | Orc:1    | Noticed an orc warlord
 16429 | D:11     | Killed a boulder beetle
 16734 | Lair:1   | Entered Level 1 of the Lair of Beasts
 16897 | Lair:1   | Noticed a four-headed hydra
 16911 | Lair:1   | Reached skill level 11 in Spellcasting
 16911 | Lair:1   | Killed a four-headed hydra
 17487 | Lair:1   | Noticed Erica
 17495 | Lair:1   | Killed Erica
 18020 | Lair:1   | Reached skill level 5 in Invocations
 18145 | Lair:2   | Reached XP level 13. HP: 64/73 MP: 28/28
 18358 | Lair:2   | Reached skill level 5 in Ice Magic
 18361 | Lair:2   | Reached skill level 1 in Shields
 18813 | Lair:2   | Reached ***** piety under Sif Muna
 19041 | Lair:2   | Found the +8 whip "Snakebite" {venom, curare, rPois}
 19104 | Lair:2   | Received a gift from Sif Muna
 19113 | Lair:2   | Got Sif Muna's Papyrus of the Hurtful Frostbite {god gift}
 19121 | Lair:2   | Learned a level 4 spell: Summon Ice Beast
 19817 | Lair:2   | Reached skill level 1 in Summonings
 19960 | Lair:2   | Reached skill level 12 in Spellcasting
 20910 | Lair:3   | Slain by a basilisk

Illustrated notes

Levels and vault maps discovered:
D:1:      saegor_arrival_simple_d, layout_basic, serial_forest,
          infiniplex_forest_clump_cross, infiniplex_forest_corner_2,
          infiniplex_forest_clump_curved, infiniplex_forest_clump_tiny,
          infiniplex_forest_pool, infiniplex_forest_end_2,
          infiniplex_forest_straight_4, infiniplex_forest_join,
          infiniplex_forest_clump_large, shapermc_ecumenical_altar_rom_forum,
          hex_medium, nrook_uturn, minmay_ruptured
D:2:      layout_loops_cross, basic_altar, uniq_robin, uniq_jessica
D:3:      layout_basic, uniq_terence
D:4:      layout_loops_cross, mainiacjoe_overflow_24_doors,
          minmay_temple_entry_from_below_a, serial_shops, nicolae_shop_trees,
          nicolae_concentric_dashed_squares_wild
D:5:      layout_layer_cave, nicolae_dithmenos_the_darkroom
D:6:      cheibrodos_steamvent, layout_rooms, xom_redecorated,
          grunt_ministairs_3, uniq_maggie, uniq_menkaure, uniq_eustachio
D:7:      layout_rooms, ashenzari_conservatory_becter, uniq_pikel, uniq_duvessa
D:8:      layout_loops_cross, bloody_trog, enter_bailey_2
D:9:      layout_loops_cross, lair_entry_dummy, gammafunk_ghost_hydra_chop
D:10:     layout_basic
D:11:     layout_loops_cross, nicolae_elevator_lobby_asterisk
D:12:     layout_gridville, minmay_statue_crystal_thing, uniq_nessos
Temple:   bh_familiar_temple
Lair:1:   minmay_lair_oklob_tunnel, layout_chaotic_city, beast_lair_carwin_1,
          serial_bayou_shore_a, uniq_erica
Lair:2:   minmay_guarded_unrand_snakebite, layout_cellular_growth,
          infiniplex_staircase_pool_2, grunt_megastairs_2, serial_bayou_shore_b
Lair:3:   layout_misc_corridors, gauntlet_entry_generic, grunt_megastairs_4,
          lemuel_fruit_tree
Orc:1:    layout_caves, serial_shops, shop, nicolae_orc_rockfall

Skill      XL: |  1  2  3  4  5  6  7  8  9 10 11 12 13 |
---------------+----------------------------------------+-----
Stealth        | 3 4 5 6 7 |  7.0
Fire Magic     | 4 5 6 7 9 10 11 | 11.4
Conjurations   | 2 3 5 6 7 8 9 |  9.8
Spellcasting   | 3 4 6 7 9 10 11 12 | 12.1
Polearms       | 1 2 |  2.2
Fighting       | 1 |  1.5
Short Blades   | 1 2 |  2.5
Dodging        | 3 |  3.8
Hexes          | 1 2 3 |  3.7
Invocations    | 3 5 6 |  6.8
Translocations | 2 4 |  4.9
Ice Magic      | 2 4 5 |  5.2
Shields        | 1 |  1.3
Summonings     | 2 |  2.2
Throwing       | |  0.1
Evocations     | |  0.6

Action                   |  1- 3 |  4- 6 |  7- 9 | 10-12 | 13-15 || total
-------------------------+-------+-------+-------+-------+-------++-------
Melee: Dagger            |    28 |       |       |    54 |    13 ||    95
       Tentacles         |    10 |    14 |     1 |    13 |     2 ||    40
       Constrict         |     1 |    10 |     3 |    10 |       ||    24
       Punch             |     1 |     3 |     1 |       |       ||     5
       Club              |       |     3 |       |       |       ||     3
       Spear             |       |    40 |     3 |       |       ||    43
       Rapier            |       |       |    12 |     1 |       ||    13
Throw: Throwing net      |     1 |     1 |       |       |       ||     2
       Dart              |       |     3 |       |       |       ||     3
 Cast: Foxfire           |    50 |    57 |   125 |   391 |    27 ||   650
       Scorch            |     2 |    17 |    34 |   140 |    32 ||   225
       Conjure Flame     |       |     2 |     1 |     7 |       ||    10
       Inner Flame       |       |     1 |     6 |    39 |     7 ||    53
       Iskenderun's Myst |       |       |     1 |    19 |    30 ||    50
       Flame Wave        |       |       |       |    11 |    11 ||    22
       Hailstorm         |       |       |       |     7 |    17 ||    24
       Starburst         |       |       |       |     1 |     1 ||     2
       Summon Ice Beast  |       |       |       |       |     2 ||     2
Invok: Channel Magic     |       |       |       |     1 |     2 ||     3
Evoke: Wand              |       |     2 |       |    10 |       ||    12
  Use: Scroll            |       |     7 |     3 |    10 |     7 ||    27
       Potion            |       |       |     3 |    11 |     6 ||    20
 Stab: Sleeping          |       |    10 |     2 |    12 |     6 ||    30
       Paralysed         |       |     1 |       |     1 |       ||     2
       Distracted        |       |       |       |     3 |       ||     3
Armor: Skin              |     1 |     3 |     2 |    11 |    25 ||    42
Dodge: Dodged            |    10 |    31 |    12 |    59 |    43 ||   155
Block: Orb               |       |       |       |    11 |    19 ||    30
       Reflection        |       |       |       |     2 |       ||     2

Table legend: (Time is in decaauts)
 A = Elapsed time spent in this place.
 B = Non-inter-level travel time spent in this place.
 C = Inter-level travel time spent in this place.
 D = Time resting spent in this place.
 E = Time spent auto-exploring this place.
 F = Levels seen in this place.
 G = Mean time per level.
                   A        B        C        D        E       F      G
               +--------+--------+--------+--------+--------+-----+--------+
         Total |  20900 |  20156 |    744 |    581 |  15744 |  18 | 1161.1 |
       Dungeon |  15442 |  14758 |    684 |    263 |  11730 |  12 | 1286.8 |
        Temple |     78 |     50 |     28 |      0 |     38 |   1 |   78.0 |
          Lair |   4187 |   4157 |     30 |    209 |   3222 |   3 | 1395.7 |
  Orcish Mines |     22 |     22 |      0 |      0 |      0 |   1 |   22.0 |
        Bailey |   1169 |   1169 |      0 |    109 |    753 |   1 | 1169.0 |
               +--------+--------+--------+--------+--------+-----+--------+

Top non-repeatable levels by time:
  Lair:2: 2365 daAuts
  Lair:1: 1794 daAuts
    D:12: 1529 daAuts
    D:11: 1528 daAuts
     D:5: 1486 daAuts
     D:6: 1482 daAuts
     D:1: 1442 daAuts
     D:3: 1431 daAuts
     D:9: 1393 daAuts
     D:4: 1219 daAuts
     D:2: 1173 daAuts
  Bailey: 1169 daAuts
     D:7: 1043 daAuts
    D:10: 999 daAuts
     D:8: 714 daAuts
